 Dungeon Crawl Stone Soup version 0.31-a0-167-g1c394c0614 (webtiles) character file.

Game seed: 9333497667685790942

146164 qw the Marksnaga (level 17, 0/165 HPs)
             Began as a Naga Hunter on June 14, 2023.
             Was an Elder of Okawaru.
             Hit by a silver javelin thrown by a merfolk javelineer (2 damage)
             ... on level 4 of the Shoals.
             The game lasted 00:12:31 (26872 turns).

qw the Marksnaga (Naga Hunter)                     Turns: 26872, Time: 00:12:32

Health: 0/165      AC: 25    Str: 15    XL:     17   Next: 43%
Magic:  24/24      EV: 33    Int:  8    God:    Okawaru [****..]
Gold:   243        SH:  0    Dex: 38    Spells: 16/16 levels left

rFire   . . .        j - +6 longbow (heavy)
rCold   + + .        (shield currently unavailable)
rNeg    . . .        n - +3 leather armour {Will+}
rPois   +            m - +0 hat of Renaam {rC+ Int-5 Dex+6}
rElec   .            A - +1 cloak of Starlight {*Dazzle EV+4 Stlth--}
rCorr   .            b - +2 pair of gloves
SInv    +            r - +2 barding {rC+}
Will    +++..        p - amulet of regeneration
Stlth   +++          e - +6 ring of dexterity
HPRegen 1.27/turn    z - +6 ring of dexterity
MPRegen 0.19/turn

%: no passive effects
@: about to teleport, heroic, marked, very slow
A: AC +5, large, see invisible, deformed body, poison resistance, slowness 2,
spit poison 1, naga tail 2, clever 1, MP-powered wands
a: Spit Poison, Renounce Religion, Heroism, Finesse


You were on level 4 of the Shoals.
You worshipped Okawaru.
Okawaru was greatly pleased with you.
You visited 5 branches of the dungeon, and saw 27 of its levels.

You collected 2299 gold pieces.
You spent 2056 gold pieces at shops.


Innate Abilities, Weirdness & Mutations

Your serpentine skin is tough. (AC +5)
You have supernaturally acute eyesight. (SInv)
Armour fits poorly on your strangely shaped body.
Your system is resistant to poisons. (rPois)
You cover ground very slowly.
You can spit poison.
You can use your snake-like lower body to constrict enemies.
Your mind is acute. (Int +4, Str/Dex -1)
You expend magic power (3 MP) to strengthen your wands.


   Skills:
 + Level 13.8(18.8) Fighting
 - Level 20.0(25.0) Ranged Weapons
 - Level 6.0(11.0) Armour
 - Level 12.0(17.0) Dodging
 - Level 1.5(6.5) Stealth
 - Level 10.0 Invocations


You had 16 spell levels left.
You didn't know any spells.
Your spell library was empty.

Inventory:

Hand Weapons
 j - a +6 heavy longbow (weapon)
Armour
 b - a +2 pair of gloves (worn)
 m - the +0 hat of Renaam (worn) {rC+ Int-5 Dex+6}
   (You found it on level 8 of the Dungeon)

   Int:       It affects your intelligence (-5).
   Dex:       It affects your dexterity (+6).
   rC:        It protects you from cold.
 n - a +3 leather armour of willpower (worn)
 r - a +2 barding of cold resistance (worn)
 u - a +0 troll leather armour
 x - a +2 robe of fire resistance
 A - the +1 cloak of Starlight (worn) {*Dazzle EV+4 Stlth--}
   (You bought it in a shop on level 2 of the Orcish Mines)

   *Dazzle:   It may blind those who miss an attack against the wearer in melee
   combat.
   EV:        It affects your evasion (+4).
   Stlth:     It makes you much less stealthy.
Jewellery
 e - a +6 ring of dexterity (left hand)
 p - an amulet of regeneration (around neck)
 z - a +6 ring of dexterity (right hand)
Wands
 q - a wand of digging (5)
Scrolls
 f - 17 scrolls of identify
 k - 10 scrolls of teleportation
 o - a scroll of brand weapon
Potions
 a - 5 potions of curing
 c - 2 potions of resistance
 d - 5 potions of mutation
 g - 3 potions of haste
 i - 4 potions of might
 t - a potion of magic
 w - a potion of cancellation

Dungeon Overview and Level Annotations

Branches:
Dungeon (15/15)            Temple (1/1) D:7            Lair (5/5) D:11
 Shoals (4/4) Lair:2        Snake (0/4) Lair:3        Slime (0/5) Lair:4
    Orc (2/2) D:11            Elf (0/3) Orc:2        Vaults (0/5) D:13
 Depths (0/4) D:15

Altars:
Ashenzari
Cheibriados
Dithmenos
Elyvilon
Fedhas
Gozag
Hepliaklqana
Kikubaaqudgha
Makhleb
Nemelex Xobeh
Okawaru
Qazlal
Ru
Sif Muna
Trog
Uskayaw
Vehumet
Wu Jian
Xom
Yredelemnul
Zin
The Shining One
Jiyva

Shops:
D:3 :   Orc:2 ([:=*

Portals:
Trove: D:11 (give +3 gold dragon scales)

Annotations:
D:11 1 runed translucent door
D:14 1 runed translucent door, Ficoysum's ghost, journeyman GnWn
Lair:1 3 runed translucent doors, qw's ghost, novice NaHu
Lair:3 2 transporters, qw's ghost, journeyman GrFi


Message History

An alligator snapping turtle comes into view.
The merfolk closely misses you.
The merfolk javelineer throws a javelin.
The javelin closely misses you.
The snapping turtle completely misses you.
The merfolk javelineer throws a javelin.
The javelin pierces through you.
You shoot an arrow. The arrow hits the snapping turtle!!
The snapping turtle is almost dead.
The merfolk javelineer throws a silver javelin.
The silver javelin pierces through you!!
The silver sears you! The merfolk completely misses you.
The merfolk throws a boomerang.
The boomerang barely misses you.
The water nymph gestures at you while chanting.
The water swirls and strikes you!!
A merfolk comes into view. It is wielding a +0 trident.
The merfolk javelineer throws a javelin.
The javelin barely misses you. The snapping turtle misses you.
The merfolk javelineer throws a javelin.
The javelin completely misses you.
26871 ||| READING 11 scrolls of teleportation.
As you read the scroll of teleportation, it crumbles to dust.
You feel strangely unstable.
You carefully extract the barbed spikes from your body.
The merfolk javelineer throws a silver javelin.
The silver javelin pierces through you! The silver sears you!
The merfolk completely misses you.
The merfolk throws a boomerang.
The boomerang closely misses you.
A merfolk comes into view. It is wielding a +3 trident.
The merfolk javelineer throws a javelin.
The javelin completely misses you.
The snapping turtle completely misses you.
The merfolk javelineer throws a javelin.
The javelin closely misses you.
You shoot an arrow. The arrow hits the manticore!!
The manticore is severely wounded.
A harpy comes into view.
The merfolk javelineer throws a silver javelin.
The silver javelin pierces through you! The silver sears you!
You die...

m)~~~ Hm~~~
...~~~ ..~m~m
..)mmm###
...~~)..##
t.%..p...###~##
..t...H@.t.....
~E~...%~~m~~~~~
~~~~~m~~~~~~~~~
~~~~~~~~~~~~~~~
~~~~~~~~~~~~~~~
~~~~~~~~m~~~~~~
~~~~~~~~~~~~~~~
~~~~~~~~~~~~~~~


You could see an alligator snapping turtle, a merfolk impaler, 3 merfolk
javelineers, 2 snapping turtles, 5 merfolk, a manticore, a water elemental, a
water nymph, a harpy and a human.

Vanquished Creatures
  Rupert (D:13)
  Polyphemus (Shoals:3)
  A kraken (Shoals:2)
  Frances (D:13)
  Roxanne (D:14)
  Kirke (Shoals:4)
  Ilsuiw (Shoals:3)
  Aizul (Shoals:3)
  An orc warlord (Orc:2)
  An ettin (D:15)
  2 merfolk javelineers
  2 fire dragons
  Josephine (D:11)
  8 merfolk impalers
  Harold (D:10)
  6 hydras
  2 merfolk avatars
  2 catoblepae
  3 boulder beetles
  4 alligator snapping turtles
  3 two-headed ogres
  10 death yaks
  4 tengu warriors
  4 merfolk aquamancers
  3 centaur warriors (D:14)
  3 orc high priests (Orc:2)
  A hell knight (D:15)
  6 skysharks
  A deep troll (D:15)
  8 sea snakes
  2 lindwurms
  A harpy (shapeshifter) (D:14)
  15 harpies
  7 orc sorcerers
  4 ugly things (D:15)
  A necromancer (D:15)
  6 cyclopes
  5 orc knights
  12 fauns (Shoals:1)
  9 manticores
  27 elephants
  Maurice (D:10)
  A guardian serpent (D:13)
  Joseph (D:7)
  A torpor snail (Lair:4)
  Maggie (D:8)
  5 black mambas
  4 merfolk sirens
  A water nymph (Shoals:1)
  14 cane toads
  A gargoyle (D:13)
  2 unseen horrors
  A komodo dragon (shapeshifter) (D:13)
  3 freezing wraiths
  A kobold demonologist (D:10)
  An efreet (D:15)
  5 komodo dragons
  A yaktaur (shapeshifter) (D:13)
  3 tengu conjurers
  6 trolls
  9 polar bears
  19 merfolk
  6 hornets
  4 wind drakes
  11 blink frogs
  A snapping turtle (shapeshifter) (D:15)
  3 dream sheep
  9 snapping turtles
  2 shadows (D:10)
  10 slime creatures
  Sigmund (D:4)
  15 spriggans
  5 wyverns
  12 water elementals
  2 vampires
  3 basilisks
  8 wraiths
  46 yaks
  2 hogs (Shoals:4)
  A human (shapeshifter) (D:13)
  A warg (Orc:2)
  Grum (D:8)
  6 vampire mosquitoes (D:12)
  4 steam dragons
  Edmund (D:6)
  2 nagas (Lair:3)
  Menkaure (D:4)
  4 acid dragons
  Duvessa (D:6)
  16 water moccasins
  19 orc warriors
  2 ice beasts
  5 black bears
  9 ogres
  39 wolves
  19 centaurs
  4 boggarts (Lair:5)
  A phantom (D:6)
  A kobold brigand (D:10)
  Blork the orc (D:6)
  15 bullfrogs
  A gnoll sergeant (D:9)
  2 scorpions
  15 wights
  Dowan (D:6)
  14 killer bees
  3 howler monkeys
  12 electric eels
  4 jellies
  4 hounds (D:5)
  2 gnoll boudas (D:7)
  18 orc priests
  A sleepcap (D:8)
  4 iguanas
  22 orc wizards
  14 gnolls
  5 adders
  A shadow imp (D:7)
  5 white imps
  An ufetubus (D:5)
  2 worms
  4 dart slugs
  85 orcs
  5 bats
  6 endoplasms
  7 giant cockroaches
  5 goblins
  9 hobgoblins
  4 jackals (D:2)
  15 kobolds
  2 quokkas (D:1)
  7 ball pythons
  9 frilled lizards
  8 rats
  3 tentacles (Shoals:2)
847 creatures vanquished.

Vanquished Creatures (others)
  An ogre (D:5)
  A gnoll (D:8)
  An orc (D:5)
  3 tentacles (Shoals:2)
6 creatures vanquished.

Grand Total: 853 creatures vanquished

Notes
Turn   | Place    | Note
-------+----------+-------------------------------------------
     0 | D:1      | qw the Naga Hunter began the quest for the Orb.
     0 | D:1      | Reached XP level 1. HP: 19/19 MP: 1/1
     0 | D:1      | 0 ||| qw: Version: 0.2-a-29-g1fa15c8
     0 | D:1      | 0 ||| qw: Game counter: 5039
     0 | D:1      | 0 ||| qw: Always use a shield: true
     0 | D:1      | 0 ||| qw: God list: Okawaru
     0 | D:1      | 0 ||| qw: Allow faded altars: false
     0 | D:1      | 0 ||| qw: Do Orc after D:15 true
     0 | D:1      | 0 ||| qw: Do second Lair branch before Depths: true
     0 | D:1      | 0 ||| qw: Lair rune preference: random
     0 | D:1      | 0 ||| qw: Plans: Normal
     0 | D:1      | 0 ||| PLANNING D:1-11
    39 | D:1      | 39 ||| INVOKING Spit Poison.
    45 | D:1      | 45 ||| INVOKING Spit Poison.
    50 | D:1      | 50 ||| INVOKING Spit Poison.
    52 | D:1      | Reached skill level 4 in Ranged Weapons
    52 | D:1      | Reached XP level 2. HP: 19/26 MP: 2/2
   111 | D:1      | 111 ||| INVOKING Spit Poison.
   131 | D:1      | Found a faded altar of an unknown god.
   154 | D:1      | 154 ||| INVOKING Spit Poison.
   167 | D:1      | 167 ||| INVOKING Spit Poison.
   177 | D:1      | 177 ||| INVOKING Spit Poison.
   202 | D:1      | 202 ||| INVOKING Spit Poison.
   209 | D:1      | 209 ||| INVOKING Spit Poison.
   224 | D:1      | 224 ||| INVOKING Spit Poison.
   229 | D:1      | 229 ||| INVOKING Spit Poison.
   235 | D:1      | 235 ||| INVOKING Spit Poison.
   297 | D:1      | 297 ||| INVOKING Spit Poison.
   302 | D:1      | 302 ||| INVOKING Spit Poison.
   336 | D:1      | 336 ||| INVOKING Spit Poison.
   351 | D:1      | 351 ||| INVOKING Spit Poison.
   355 | D:1      | Reached XP level 3. HP: 32/32 MP: 3/3
   356 | D:1      | 356 ||| INVOKING Spit Poison.
   367 | D:1      | 367 ||| INVOKING Spit Poison.
   543 | D:1      | 543 ||| INVOKING Spit Poison.
   672 | D:1      | 672 ||| INVOKING Spit Poison.
   685 | D:1      | 685 ||| INVOKING Spit Poison.
   720 | D:1      | 720 ||| INVOKING Spit Poison.
   728 | D:1      | 728 ||| INVOKING Spit Poison.
   930 | D:1      | 930 ||| INVOKING Spit Poison.
   934 | D:1      | 934 ||| INVOKING Spit Poison.
   941 | D:1      | 941 ||| READING scroll labelled GESEICSAZI.
   945 | D:1      | 945 ||| INVOKING Spit Poison.
  1080 | D:1      | 1080 ||| READING scroll labelled CARHYRPHARRO.
  1081 | D:1      | 1081 ||| READING scroll labelled ZUGIAT TOSI.
  1082 | D:1      | 1082 ||| READING scroll labelled NETWYPHOFENG.
  1083 | D:1      | 1083 ||| DRINKING 2 lumpy amethyst potions.
  1083 | D:1      | Gained mutation: Your mind is acute. (Int +4, Str/Dex -1)
                  | [potion of mutation]
  1083 | D:1      | Gained mutation: You expend magic power (3 MP) to
                  | strengthen your wands. [potion of mutation]
  1084 | D:1      | 1084 ||| DROPPING scroll of butterflies.
  1104 | D:2      | 1104 ||| INVOKING Spit Poison.
  1138 | D:2      | 1138 ||| INVOKING Spit Poison.
  1168 | D:2      | 1168 ||| INVOKING Spit Poison.
  1191 | D:2      | Reached skill level 5 in Ranged Weapons
  1194 | D:2      | Reached XP level 4. HP: 39/39 MP: 4/4
  1233 | D:2      | 1233 ||| INVOKING Spit Poison.
  1236 | D:2      | 1236 ||| INVOKING Spit Poison.
  1262 | D:2      | 1262 ||| INVOKING Spit Poison.
  1351 | D:2      | 1351 ||| INVOKING Spit Poison.
  1490 | D:2      | 1490 ||| DROPPING ring of magical power.
  1491 | D:2      | 1491 ||| READING scroll labelled DAIQIH JINERPH.
  1492 | D:2      | 1492 ||| DRINKING 3 murky orange potions.
  1493 | D:2      | 1493 ||| READING 2 scrolls of identify.
  1493 | D:2      | 1493 ||| IDENTIFYING bubbling blue potion
  1523 | D:3      | 1523 ||| INVOKING Spit Poison.
  1528 | D:3      | 1528 ||| INVOKING Spit Poison.
  1532 | D:3      | Reached skill level 3 in Fighting
  1678 | D:3      | Found Bekhidik's Book Boutique.
  1683 | D:3      | 1683 ||| INVOKING Spit Poison.
  1691 | D:3      | 1691 ||| INVOKING Spit Poison.
  1693 | D:3      | HP: 7/42 [orc wizard/magic dart (9)]
  1694 | D:3      | 1694 ||| DRINKING potion of heal wounds.
  1697 | D:3      | 1697 ||| INVOKING Spit Poison.
  1698 | D:3      | Reached XP level 5. HP: 28/49 MP: 5/5
  1734 | D:3      | 1734 ||| INVOKING Spit Poison.
  1755 | D:3      | 1755 ||| INVOKING Spit Poison.
  1784 | D:3      | 1784 ||| INVOKING Spit Poison.
  1824 | D:3      | 1824 ||| INVOKING Spit Poison.
  1829 | D:3      | 1829 ||| INVOKING Spit Poison.
  1873 | D:3      | 1873 ||| INVOKING Spit Poison.
  1908 | D:3      | 1908 ||| INVOKING Spit Poison.
  1953 | D:3      | Found an ancient bone altar of Kikubaaqudgha.
  1956 | D:3      | Found a blossoming altar of Fedhas.
  2068 | D:3      | 2068 ||| INVOKING Spit Poison.
  2118 | D:3      | 2118 ||| INVOKING Spit Poison.
  2152 | D:3      | 2152 ||| DRINKING 3 fuming cyan potions.
  2153 | D:3      | 2153 ||| DROPPING 2 potions of attraction.
  2190 | D:4      | 2190 ||| INVOKING Spit Poison.
  2237 | D:4      | 2237 ||| INVOKING Spit Poison.
  2240 | D:4      | 2240 ||| INVOKING Spit Poison.
  2246 | D:4      | 2246 ||| INVOKING Spit Poison.
  2251 | D:4      | Reached skill level 6 in Ranged Weapons
  2300 | D:4      | 2300 ||| INVOKING Spit Poison.
  2302 | D:4      | Reached XP level 6. HP: 56/56 MP: 6/6
  2316 | D:4      | 2316 ||| INVOKING Spit Poison.
  2326 | D:4      | 2326 ||| INVOKING Spit Poison.
  2385 | D:4      | 2385 ||| INVOKING Spit Poison.
  2388 | D:4      | Noticed Sigmund
  2391 | D:4      | 2391 ||| INVOKING Spit Poison.
  2392 | D:4      | 2392 ||| Stepping ~*~*~tactically~*~*~ (outnumbered).
  2393 | D:4      | 2393 ||| Stepping ~*~*~tactically~*~*~ (outnumbered).
  2396 | D:4      | 2396 ||| INVOKING Spit Poison.
  2402 | D:4      | 2402 ||| INVOKING Spit Poison.
  2406 | D:4      | 2406 ||| DRINKING 3 potions of curing.
  2406 | D:4      | 2406 ||| (to cure confusion)
  2407 | D:4      | 2407 ||| INVOKING Spit Poison.
  2410 | D:4      | Killed Sigmund
  2411 | D:4      | 2411 ||| INVOKING Spit Poison.
  2414 | D:4      | 2414 ||| INVOKING Spit Poison.
  2417 | D:4      | Reached XP level 7. HP: 46/66 MP: 7/7
  2677 | D:4      | 2677 ||| INVOKING Spit Poison.
  2699 | D:4      | 2699 ||| INVOKING Spit Poison.
  2725 | D:4      | 2725 ||| INVOKING Spit Poison.
  2814 | D:4      | Noticed Menkaure
  2817 | D:4      | 2817 ||| FLEEEEING.
  2818 | D:4      | 2818 ||| FLEEEEING.
  2819 | D:4      | 2819 ||| FLEEEEING.
  2820 | D:4      | 2820 ||| FLEEEEING.
  2821 | D:4      | 2821 ||| FLEEEEING.
  2822 | D:4      | 2822 ||| FLEEEEING.
  2828 | D:4      | 2828 ||| FLEEEEING.
  2830 | D:4      | Killed Menkaure
  2971 | D:4      | 2971 ||| INVOKING Spit Poison.
  2972 | D:4      | Reached skill level 7 in Ranged Weapons
  3031 | D:4      | 3031 ||| INVOKING Spit Poison.
  3034 | D:4      | 3034 ||| INVOKING Spit Poison.
  3091 | D:4      | 3091 ||| INVOKING Spit Poison.
  3096 | D:4      | 3096 ||| INVOKING Spit Poison.
  3102 | D:4      | 3102 ||| INVOKING Spit Poison.
  3105 | D:4      | 3105 ||| INVOKING Spit Poison.
  3110 | D:4      | 3110 ||| INVOKING Spit Poison.
  3115 | D:4      | 3115 ||| INVOKING Spit Poison.
  3228 | D:4      | 3228 ||| INVOKING Spit Poison.
  3453 | D:4      | 3453 ||| UPGRADING to +2 cloak.
  3458 | D:4      | 3458 ||| READING scroll labelled XURO QOSHOCSIM.
  3459 | D:4      | 3459 ||| READING scroll labelled OMPU ATOFIPEQIFOUH.
  3460 | D:4      | 3460 ||| READING scroll labelled KIUNOQ XOFEM.
  3461 | D:4      | 3461 ||| READING scroll labelled CUDEGO FAAME.
  3562 | D:4      | 3562 ||| READING scroll labelled NEYSTU PUFIC.
  3563 | D:4      | 3563 ||| DRINKING 3 silvery potions.
  3587 | D:4      | 3587 ||| READING 2 scrolls of identify.
  3587 | D:4      | 3587 ||| IDENTIFYING fizzy brown potion
  3588 | D:4      | 3588 ||| DROPPING potion of brilliance.
  3589 | D:4      | 3589 ||| DROPPING 2 potions of lignification.
  3617 | D:5      | Entered Level 5 of the Dungeon
  3628 | D:5      | 3628 ||| INVOKING Spit Poison.
  3634 | D:5      | 3634 ||| INVOKING Spit Poison.
  3674 | D:5      | 3674 ||| INVOKING Spit Poison.
  3677 | D:5      | 3677 ||| INVOKING Spit Poison.
  3683 | D:5      | 3683 ||| INVOKING Spit Poison.
  3688 | D:5      | 3688 ||| INVOKING Spit Poison.
  3692 | D:5      | 3692 ||| INVOKING Spit Poison.
  3694 | D:5      | 3694 ||| DRINKING 2 potions of curing.
  3694 | D:5      | 3694 ||| (to cure confusion)
  3753 | D:5      | 3753 ||| INVOKING Spit Poison.
  3793 | D:5      | Reached skill level 8 in Ranged Weapons
  3793 | D:5      | Reached XP level 8. HP: 72/73 MP: 8/8
  3886 | D:5      | 3886 ||| INVOKING Spit Poison.
  3951 | D:5      | 3951 ||| Stepping ~*~*~tactically~*~*~ (outnumbered).
  3953 | D:5      | 3953 ||| INVOKING Spit Poison.
  3958 | D:5      | 3958 ||| INVOKING Spit Poison.
  4109 | D:5      | 4109 ||| INVOKING Spit Poison.
  4122 | D:5      | 4122 ||| INVOKING Spit Poison.
  4125 | D:5      | 4125 ||| INVOKING Spit Poison.
  4131 | D:5      | 4131 ||| INVOKING Spit Poison.
  4216 | D:5      | Found a sparkling altar of Nemelex Xobeh.
  4272 | D:5      | Reached skill level 9 in Ranged Weapons
  4444 | D:5      | 4444 ||| INVOKING Spit Poison.
  4465 | D:5      | Identified the +8 trident of Fear {drain, rElec rN+ Dex+3}
  4534 | D:5      | 4534 ||| INVOKING Spit Poison.
  4539 | D:5      | Reached skill level 1 in Armour
  4585 | D:5      | 4585 ||| INVOKING Spit Poison.
  4589 | D:5      | 4589 ||| INVOKING Spit Poison.
  4633 | D:5      | 4633 ||| INVOKING Spit Poison.
  4640 | D:5      | 4640 ||| INVOKING Spit Poison.
  4646 | D:5      | 4646 ||| INVOKING Spit Poison.
  4647 | D:5      | Reached skill level 6 in Fighting
  4804 | D:5      | 4804 ||| INVOKING Spit Poison.
  4808 | D:5      | Reached XP level 9. HP: 79/82 MP: 9/9
  4811 | D:5      | 4811 ||| INVOKING Spit Poison.
  4815 | D:5      | 4815 ||| Stepping ~*~*~tactically~*~*~ (cloud).
  5169 | D:5      | Reached skill level 3 in Dodging
  5440 | D:5      | 5440 ||| UPGRADING to +0 leather armour of cold resistance.
  5450 | D:5      | 5450 ||| DROPPING +0 leather armour.
  5451 | D:5      | 5451 ||| DROPPING ring of flight.
  5452 | D:5      | 5452 ||| READING 2 scrolls of identify.
  5452 | D:5      | 5452 ||| IDENTIFYING sedimented brown potion
  5453 | D:5      | 5453 ||| DROPPING potion of berserk rage.
  5480 | D:6      | 5480 ||| INVOKING Spit Poison.
  5526 | D:6      | 5526 ||| INVOKING Spit Poison.
  5567 | D:6      | Noticed Blork the orc
  5571 | D:6      | 5571 ||| INVOKING Spit Poison.
  5575 | D:6      | 5575 ||| INVOKING Spit Poison.
  5576 | D:6      | Killed Blork the orc
  5628 | D:6      | 5628 ||| INVOKING Spit Poison.
  5671 | D:6      | 5671 ||| READING scroll of enchant weapon.
  5671 | D:6      | 5671 ||| ENCHANTING +1 shortbow of electrocution.
  5698 | D:6      | Noticed Duvessa
  5700 | D:6      | 5700 ||| INVOKING Spit Poison.
  5704 | D:6      | Killed Duvessa
  5708 | D:6      | Noticed Dowan
  5722 | D:6      | Reached skill level 10 in Ranged Weapons
  5722 | D:6      | 5722 ||| INVOKING Spit Poison.
  5723 | D:6      | Killed Dowan
  6094 | D:6      | 6094 ||| INVOKING Spit Poison.
  6289 | D:6      | Noticed Edmund
  6292 | D:6      | 6292 ||| INVOKING Spit Poison.
  6296 | D:6      | Killed Edmund
  6381 | D:6      | 6381 ||| READING scroll labelled ONLUUPH JEOL.
  6382 | D:6      | 6382 ||| DRINKING 3 gluggy blue potions.
  6383 | D:6      | 6383 ||| READING 4 scrolls of identify.
  6383 | D:6      | 6383 ||| IDENTIFYING glowing puce potion
  6384 | D:6      | 6384 ||| READING 3 scrolls of identify.
  6384 | D:6      | 6384 ||| IDENTIFYING puce potion
  6385 | D:6      | 6385 ||| READING 2 scrolls of identify.
  6385 | D:6      | 6385 ||| IDENTIFYING yellow potion
  6386 | D:6      | 6386 ||| DROPPING potion of invisibility.
  6387 | D:6      | 6387 ||| DROPPING potion of degeneration.
  6461 | D:7      | Noticed Joseph
  6470 | D:7      | 6470 ||| INVOKING Spit Poison.
  6477 | D:7      | 6477 ||| INVOKING Spit Poison.
  6479 | D:7      | Killed Joseph
  6610 | D:7      | Found a flagged portal.
  6821 | D:7      | 6821 ||| INVOKING Spit Poison.
  6823 | D:7      | 6823 ||| Stepping ~*~*~tactically~*~*~ (outnumbered).
  6827 | D:7      | Reached XP level 10. HP: 92/92 MP: 10/10
  6828 | D:7      | 6828 ||| INVOKING Spit Poison.
  6833 | D:7      | 6833 ||| INVOKING Spit Poison.
  6835 | D:7      | Reached skill level 11 in Ranged Weapons
  6839 | D:7      | 6839 ||| INVOKING Spit Poison.
  6845 | D:7      | 6845 ||| INVOKING Spit Poison.
  7000 | D:7      | 7000 ||| INVOKING Spit Poison.
  7019 | D:7      | Found a stormy altar of Qazlal.
  7050 | D:7      | 7050 ||| INVOKING Spit Poison.
  7062 | D:7      | 7062 ||| INVOKING Spit Poison.
  7088 | D:7      | Found a broken altar of Ashenzari.
  7122 | D:7      | 7122 ||| INVOKING Spit Poison.
  7133 | D:7      | 7133 ||| INVOKING Spit Poison.
  7216 | D:7      | 7216 ||| INVOKING Spit Poison.
  7255 | D:7      | Found a staircase to the Ecumenical Temple.
  7256 | D:7      | 7256 ||| PLANNING TEMPLE
  7256 | D:7      | 7256 ||| UPGRADING to +1 leather armour of cold resistance.
  7266 | D:7      | 7266 ||| DROPPING +0 leather armour of cold resistance.
  7275 | Temple   | Entered the Ecumenical Temple
  7279 | Temple   | 7279 ||| PLANNING OKAWARU WORSHIP
  7380 | Temple   | Became a worshipper of Warmaster Okawaru
  7381 | Temple   | 7381 ||| PLANNING D:1-11
  7461 | D:7      | 7461 ||| INVOKING Spit Poison.
  7707 | D:8      | Noticed Maggie
  7708 | D:8      | 7708 ||| INVOKING Spit Poison.
  7714 | D:8      | 7714 ||| INVOKING Spit Poison.
  7719 | D:8      | 7719 ||| INVOKING Spit Poison.
  7723 | D:8      | Killed Maggie
  7849 | D:8      | 7849 ||| UPGRADING to +0 orcbow.
  7850 | D:8      | 7850 ||| DROPPING +2 shortbow of electrocution.
  7897 | D:8      | 7897 ||| INVOKING Spit Poison.
  7910 | D:8      | Identified the +0 hat of Renaam {rC+ Int-5 Dex+6}
  7951 | D:8      | Noticed Grum
  7954 | D:8      | 7954 ||| INVOKING Spit Poison.
  7962 | D:8      | 7962 ||| INVOKING Spit Poison.
  7966 | D:8      | Killed Grum
  7966 | D:8      | Reached * piety under Okawaru
  7967 | D:8      | 7967 ||| INVOKING Heroism.
  7968 | D:8      | 7968 ||| INVOKING Spit Poison.
  8089 | D:8      | 8089 ||| INVOKING Spit Poison.
  8096 | D:8      | 8096 ||| INVOKING Spit Poison.
  8306 | D:8      | 8306 ||| INVOKING Spit Poison.
  8316 | D:8      | 8316 ||| INVOKING Spit Poison.
  8320 | D:8      | Reached skill level 1 in Invocations
  8322 | D:8      | 8322 ||| INVOKING Heroism.
  8451 | D:8      | 8451 ||| Stepping ~*~*~tactically~*~*~ (cloud).
  8455 | D:8      | 8455 ||| FLEEEEING.
  8461 | D:8      | 8461 ||| INVOKING Spit Poison.
  8464 | D:8      | 8464 ||| INVOKING Heroism.
  8495 | D:8      | 8495 ||| INVOKING Heroism.
  8613 | D:8      | Found a shimmering altar of Xom.
  8732 | D:8      | 8732 ||| INVOKING Spit Poison.
  8736 | D:8      | 8736 ||| INVOKING Spit Poison.
  8738 | D:8      | Reached skill level 12 in Ranged Weapons
  8865 | D:8      | 8865 ||| INVOKING Spit Poison.
  8867 | D:8      | 8867 ||| INVOKING Heroism.
  8869 | D:8      | 8869 ||| Stepping ~*~*~tactically~*~*~ (cloud).
  8870 | D:8      | 8870 ||| INVOKING Spit Poison.
  9085 | D:8      | 9085 ||| UPGRADING to +2 hat.
  9090 | D:8      | 9090 ||| DROPPING +0 acid dragon scales.
  9091 | D:8      | 9091 ||| UPGRADING to +0 hat of Renaam {rC+ Int-5 Dex+6}.
  9101 | D:8      | 9101 ||| DROPPING +2 hat.
  9102 | D:8      | 9102 ||| READING 2 scrolls labelled WOOZ JAURU.
  9103 | D:8      | 9103 ||| READING scroll labelled CURONT JODOZIA.
  9104 | D:8      | 9104 ||| DRINKING 2 grey potions.
  9105 | D:8      | 9105 ||| DROPPING scroll of revelation.
  9126 | D:9      | 9126 ||| INVOKING Spit Poison.
  9158 | D:9      | 9158 ||| INVOKING Spit Poison.
  9165 | D:9      | 9165 ||| INVOKING Spit Poison.
  9173 | D:9      | 9173 ||| INVOKING Heroism.
  9309 | D:9      | 9309 ||| INVOKING Spit Poison.
  9316 | D:9      | Reached skill level 3 in Invocations
  9316 | D:9      | 9316 ||| INVOKING Spit Poison.
  9319 | D:9      | 9319 ||| INVOKING Heroism.
  9322 | D:9      | Reached XP level 11. HP: 59/103 MP: 10/13
  9323 | D:9      | 9323 ||| INVOKING Spit Poison.
  9331 | D:9      | 9331 ||| INVOKING Spit Poison.
  9335 | D:9      | 9335 ||| INVOKING Spit Poison.
  9567 | D:9      | 9567 ||| INVOKING Spit Poison.
  9571 | D:9      | 9571 ||| INVOKING Spit Poison.
  9577 | D:9      | 9577 ||| INVOKING Spit Poison.
  9701 | D:9      | 9701 ||| INVOKING Heroism.
  9705 | D:9      | 9705 ||| INVOKING Spit Poison.
  9748 | D:9      | 9748 ||| INVOKING Heroism.
  9755 | D:9      | 9755 ||| INVOKING Spit Poison.
  9761 | D:9      | 9761 ||| INVOKING Spit Poison.
  9769 | D:9      | 9769 ||| INVOKING Spit Poison.
  9937 | D:9      | 9937 ||| INVOKING Spit Poison.
  9943 | D:9      | 9943 ||| INVOKING Spit Poison.
  9947 | D:9      | 9947 ||| INVOKING Spit Poison.
  9950 | D:9      | 9950 ||| INVOKING Spit Poison.
  9954 | D:9      | 9954 ||| INVOKING Heroism.
  9955 | D:9      | 9955 ||| INVOKING Spit Poison.
  9956 | D:9      | 9956 ||| Stepping ~*~*~tactically~*~*~ (outnumbered).
  9960 | D:9      | 9960 ||| INVOKING Spit Poison.
  9970 | D:9      | 9970 ||| INVOKING Spit Poison.
  9976 | D:9      | 9976 ||| INVOKING Spit Poison.
  9981 | D:9      | 9981 ||| INVOKING Heroism.
  9983 | D:9      | 9983 ||| INVOKING Spit Poison.
 10185 | D:9      | 10185 ||| UPGRADING to +6 ring of dexterity.
 10197 | D:10     | Entered Level 10 of the Dungeon
 10198 | D:10     | 10198 ||| INVOKING Spit Poison.
 10206 | D:10     | 10206 ||| INVOKING Spit Poison.
 10210 | D:10     | 10210 ||| INVOKING Spit Poison.
 10217 | D:10     | 10217 ||| INVOKING Spit Poison.
 10253 | D:10     | 10253 ||| READING scroll of enchant weapon.
 10253 | D:10     | 10253 ||| ENCHANTING +0 orcbow.
 10269 | D:10     | 10269 ||| INVOKING Heroism.
 10272 | D:10     | 10272 ||| INVOKING Spit Poison.
 10280 | D:10     | 10280 ||| INVOKING Spit Poison.
 10310 | D:10     | Noticed Maurice
 10313 | D:10     | 10313 ||| INVOKING Spit Poison.
 10318 | D:10     | 10318 ||| INVOKING Spit Poison.
 10321 | D:10     | Killed Maurice
 10373 | D:10     | Reached skill level 6 in Dodging
 10381 | D:10     | 10381 ||| INVOKING Heroism.
 10385 | D:10     | Reached skill level 13 in Ranged Weapons
 10443 | D:10     | Noticed a boulder beetle
 10444 | D:10     | 10444 ||| INVOKING Heroism.
 10446 | D:10     | 10446 ||| INVOKING Spit Poison.
 10452 | D:10     | 10452 ||| INVOKING Spit Poison.
 10460 | D:10     | Killed a boulder beetle
 10528 | D:10     | Reached ** piety under Okawaru
 10721 | D:10     | 10721 ||| INVOKING Spit Poison.
 10725 | D:10     | 10725 ||| INVOKING Spit Poison.
 10729 | D:10     | 10729 ||| INVOKING Spit Poison.
 10735 | D:10     | 10735 ||| INVOKING Spit Poison.
 10741 | D:10     | Reached skill level 9 in Fighting
 10805 | D:10     | Noticed Harold
 10806 | D:10     | 10806 ||| INVOKING Heroism.
 10808 | D:10     | 10808 ||| INVOKING Spit Poison.
 10815 | D:10     | 10815 ||| INVOKING Spit Poison.
 10820 | D:10     | 10820 ||| INVOKING Spit Poison.
 10823 | D:10     | Killed Harold
 10835 | D:10     | 10835 ||| INVOKING Spit Poison.
 11080 | D:10     | 11080 ||| READING 8 scrolls of identify.
 11080 | D:10     | 11080 ||| IDENTIFYING blue potion
 11081 | D:10     | 11081 ||| DROPPING potion of ambrosia.
 11130 | D:11     | 11130 ||| INVOKING Spit Poison.
 11136 | D:11     | 11136 ||| INVOKING Spit Poison.
 11242 | D:11     | Found a portal to a secret trove of treasure.
 11274 | D:11     | Noticed a two-headed ogre
 11275 | D:11     | 11275 ||| INVOKING Heroism.
 11276 | D:11     | 11276 ||| INVOKING Spit Poison.
 11280 | D:11     | Killed a two-headed ogre
 11280 | D:11     | Reached *** piety under Okawaru
 11346 | D:11     | Found a runed translucent door.
 11349 | D:11     | Noticed a cyan ugly thing
 11380 | D:11     | 11380 ||| INVOKING Spit Poison.
 11386 | D:11     | Reached XP level 12. HP: 114/114 MP: 15/15
 11460 | D:11     | Found a staircase to the Lair.
 11464 | D:11     | Noticed a two-headed ogre
 11471 | D:11     | Killed a two-headed ogre
 11471 | D:11     | Received a gift from Okawaru
 11687 | D:11     | Found a staircase to the Orcish Mines.
 11696 | D:11     | 11696 ||| INVOKING Heroism.
 11745 | D:11     | Noticed Josephine
 11753 | D:11     | Killed Josephine
 11969 | D:11     | Reached skill level 14 in Ranged Weapons
 12088 | D:11     | 12088 ||| UPGRADING to +0 barding.
 12093 | D:11     | 12093 ||| PLANNING LAIR
 12093 | D:11     | 12093 ||| UPGRADING to ring of resist corrosion.
 12110 | Lair:1   | Entered Level 1 of the Lair of Beasts
 12110 | Lair:1   | Found a runed translucent gate.
 12110 | Lair:1   | Found a runed translucent gate.
 12110 | Lair:1   | Found a runed translucent gate.
 12111 | Lair:1   | 12111 ||| INVOKING Heroism.
 12141 | Lair:1   | Reached **** piety under Okawaru
 12201 | Lair:1   | Reached skill level 3 in Armour
 12202 | Lair:1   | 12202 ||| INVOKING Heroism.
 12321 | Lair:1   | 12321 ||| INVOKING Heroism.
 12594 | Lair:1   | 12594 ||| INVOKING Heroism.
 12660 | Lair:1   | Noticed qw's ghost (novice NaHu)
 12711 | Lair:1   | 12711 ||| INVOKING Heroism.
 12938 | Lair:1   | Reached skill level 6 in Invocations
 13322 | Lair:1   | 13322 ||| UPGRADING to +3 leather armour of willpower.
 13332 | Lair:1   | 13332 ||| DROPPING +0 steam dragon scales.
 13352 | Lair:2   | 13352 ||| INVOKING Heroism.
 13379 | Lair:2   | 13379 ||| INVOKING Heroism.
 13382 | Lair:2   | HP: 25/116 [bullfrog (7)]
 13383 | Lair:2   | 13383 ||| READING 9 scrolls of teleportation.
 13384 | Lair:2   | 13384 ||| DRINKING potion of heal wounds.
 13662 | Lair:2   | Reached ***** piety under Okawaru
 13822 | Lair:2   | Found a staircase to the Shoals.
 13894 | Lair:2   | Gained mutation: You can use your snake-like lower body to
                  | constrict enemies. [Naga growth]
 13894 | Lair:2   | Reached XP level 13. HP: 123/123 MP: 18/18
 13928 | Lair:2   | 13928 ||| INVOKING Heroism.
 14046 | Lair:2   | 14046 ||| INVOKING Heroism.
 14384 | Lair:2   | 14384 ||| INVOKING Heroism.
 14393 | Lair:2   | Received a gift from Okawaru
 14506 | Lair:2   | 14506 ||| UPGRADING to +3 heavy longbow.
 14507 | Lair:2   | 14507 ||| DROPPING +1 orcbow.
 14636 | Lair:2   | Found an opulent altar of Gozag.
 14729 | Lair:2   | Reached skill level 9 in Invocations
 14807 | Lair:2   | 14807 ||| UPGRADING to +6 ring of strength.
 14809 | Lair:2   | 14809 ||| DROPPING ring of resist corrosion.
 14833 | Lair:3   | Found a transporter.
 14842 | Lair:3   | Reached skill level 15 in Ranged Weapons
 14853 | Lair:3   | 14853 ||| INVOKING Heroism.
 15026 | Lair:3   | 15026 ||| INVOKING Heroism.
 15030 | Lair:3   | 15030 ||| Stepping ~*~*~tactically~*~*~ (outnumbered).
 15052 | Lair:3   | 15052 ||| INVOKING Heroism.
 15409 | Lair:3   | Noticed qw's ghost (journeyman GrFi)
 15600 | Lair:3   | Found a transporter.
 15773 | Lair:3   | Found a staircase to the Snake Pit.
 15841 | Lair:3   | 15841 ||| UPGRADING to amulet of regeneration.
 15846 | Lair:3   | 15846 ||| READING scroll labelled MUGABU XEES.
 16077 | Lair:4   | 16077 ||| INVOKING Heroism.
 16376 | Lair:4   | 16376 ||| INVOKING Heroism.
 16407 | Lair:4   | 16407 ||| INVOKING Heroism.
 16466 | Lair:4   | Found a viscous altar of Jiyva.
 16466 | Lair:4   | Found a staircase to the Slime Pits.
 16607 | Lair:4   | 16607 ||| UPGRADING to +4 ring of protection.
 16609 | Lair:4   | 16609 ||| DROPPING +6 ring of strength.
 16610 | Lair:4   | 16610 ||| READING scroll labelled SAT SAOBANGIO.
 16642 | Lair:5   | Entered Level 5 of the Lair of Beasts
 16818 | Lair:5   | 16818 ||| INVOKING Heroism.
 16838 | Lair:5   | Reached XP level 14. HP: 132/132 MP: 21/21
 16856 | Lair:5   | Reached skill level 16 in Ranged Weapons
 16872 | Lair:5   | 16872 ||| INVOKING Heroism.
 16875 | Lair:5   | 16875 ||| INVOKING Finesse.
 16897 | Lair:5   | Received a gift from Okawaru
 16950 | Lair:5   | 16950 ||| INVOKING Heroism.
 16951 | Lair:5   | 16951 ||| INVOKING Finesse.
 17033 | Lair:5   | 17033 ||| INVOKING Heroism.
 17034 | Lair:5   | 17034 ||| INVOKING Finesse.
 17061 | Lair:5   | Reached skill level 9 in Dodging
 17302 | Lair:5   | Identified the staff of cold "Soronnol" {rC+ rCorr}
 17326 | Lair:5   | 17326 ||| INVOKING Heroism.
 17347 | Lair:5   | 17347 ||| INVOKING Finesse.
 17361 | Lair:5   | Identified the +0 plate armour of the Prince of Darkness
                  | {rC+} (Okawaru gifted it to you on level 5 of the Lair of
                  | Beasts)
 17361 | Lair:5   | Received a gift from Okawaru
 17369 | Lair:5   | 17369 ||| INVOKING Heroism.
 17486 | Lair:5   | Reached skill level 17 in Ranged Weapons
 17499 | Lair:5   | 17499 ||| READING scroll of enchant weapon.
 17499 | Lair:5   | 17499 ||| ENCHANTING +3 heavy longbow.
 17543 | Lair:5   | 17543 ||| INVOKING Heroism.
 17904 | Lair:5   | 17904 ||| PLANNING D
 17904 | Lair:5   | 17904 ||| READING 14 scrolls of identify.
 17904 | Lair:5   | 17904 ||| IDENTIFYING inky potion
 17905 | Lair:5   | 17905 ||| DROPPING potion of enlightenment.
 18138 | D:12     | Found an iron altar of Okawaru.
 18787 | D:12     | 18787 ||| INVOKING Heroism.
 18788 | D:12     | 18788 ||| INVOKING Finesse.
 18791 | D:12     | Reached XP level 15. HP: 141/141 MP: 14/22
 19065 | D:12     | 19065 ||| DROPPING +1 leather armour of cold resistance.
 19066 | D:12     | 19066 ||| READING 13 scrolls of identify.
 19066 | D:12     | 19066 ||| IDENTIFYING black potion
 19180 | D:13     | Noticed Frances
 19181 | D:13     | 19181 ||| INVOKING Heroism.
 19182 | D:13     | 19182 ||| INVOKING Finesse.
 19185 | D:13     | Killed Frances
 19464 | D:13     | 19464 ||| Stepping ~*~*~tactically~*~*~ (cloud).
 19468 | D:13     | Noticed Rupert
 19469 | D:13     | Reached skill level 18 in Ranged Weapons
 19469 | D:13     | 19469 ||| INVOKING Heroism.
 19478 | D:13     | Killed Rupert
 19597 | D:13     | 19597 ||| INVOKING Heroism.
 19670 | D:13     | Found a gate to the Vaults.
 19675 | D:13     | 19675 ||| READING scroll of enchant weapon.
 19675 | D:13     | 19675 ||| ENCHANTING +4 heavy longbow.
 19862 | D:13     | 19862 ||| READING scroll of enchant weapon.
 19862 | D:13     | 19862 ||| ENCHANTING +5 heavy longbow.
 20144 | D:13     | 20144 ||| UPGRADING to +0 pair of gloves.
 20149 | D:13     | 20149 ||| READING scroll labelled WYULIZXYLUA.
 20256 | D:14     | Noticed Roxanne
 20257 | D:14     | 20257 ||| INVOKING Heroism.
 20258 | D:14     | 20258 ||| INVOKING Finesse.
 20267 | D:14     | Killed Roxanne
 20410 | D:14     | Reached skill level 12 in Fighting
 20449 | D:14     | 20449 ||| INVOKING Heroism.
 20476 | D:14     | 20476 ||| Stepping ~*~*~tactically~*~*~ (outnumbered).
 20477 | D:14     | 20477 ||| Stepping ~*~*~tactically~*~*~ (outnumbered).
 20567 | D:14     | Identified the +5 orcbow of Fesyppoiru {drain, rPois rN+
                  | Will+ Dex+3} (Okawaru gifted it to you on level 14 of the
                  | Dungeon)
 20567 | D:14     | Received a gift from Okawaru
 20629 | D:14     | Found a runed translucent door.
 20629 | D:14     | Noticed Ficoysum's ghost (journeyman GnWn)
 20930 | D:14     | You fall into a shaft and drop 1 floor!
 20930 | D:15     | Entered Level 15 of the Dungeon
 20951 | D:15     | 20951 ||| INVOKING Heroism.
 20952 | D:15     | 20952 ||| INVOKING Finesse.
 21001 | D:15     | 21001 ||| INVOKING Heroism.
 21210 | D:15     | 21210 ||| INVOKING Heroism.
 21213 | D:15     | 21213 ||| Stepping ~*~*~tactically~*~*~ (outnumbered).
 21229 | D:15     | 21229 ||| READING 17 scrolls of identify.
 21229 | D:15     | 21229 ||| IDENTIFYING fizzy grey potion
 22500 | D:15     | 22500 ||| INVOKING Heroism.
 22656 | D:15     | Identified the +3 falchion "Kalor" {heavy, rF+ rN+}
 22921 | D:15     | 22921 ||| READING scroll of enchant armour.
 22921 | D:15     | 22921 ||| ENCHANTING +0 pair of gloves.
 23030 | D:15     | Found a staircase to the Depths.
 23175 | D:15     | 23175 ||| PLANNING ORC
 23293 | Orc:1    | Entered Level 1 of the Orcish Mines
 23456 | Orc:1    | 23456 ||| Stepping ~*~*~tactically~*~*~ (outnumbered).
 23472 | Orc:1    | 23472 ||| INVOKING Heroism.
 23826 | Orc:2    | Entered Level 2 of the Orcish Mines
 23927 | Orc:2    | 23927 ||| INVOKING Heroism.
 23929 | Orc:2    | Noticed an orc warlord
 23936 | Orc:2    | Killed an orc warlord
 23937 | Orc:2    | Reached XP level 16. HP: 152/152 MP: 23/23
 24036 | Orc:2    | Found a staircase to the Elven Halls.
 24042 | Orc:2    | Found Gageid's Antique Weapon Boutique.
 24136 | Orc:2    | 24136 ||| INVOKING Heroism.
 24202 | Orc:2    | 24202 ||| INVOKING Heroism.
 24220 | Orc:2    | 24220 ||| Stepping ~*~*~tactically~*~*~ (outnumbered).
 24229 | Orc:2    | Reached skill level 19 in Ranged Weapons
 24236 | Orc:2    | 24236 ||| INVOKING Heroism.
 24237 | Orc:2    | 24237 ||| Stepping ~*~*~tactically~*~*~ (outnumbered).
 24241 | Orc:2    | 24241 ||| Stepping ~*~*~tactically~*~*~ (outnumbered).
 24242 | Orc:2    | 24242 ||| Stepping ~*~*~tactically~*~*~ (outnumbered).
 24259 | Orc:2    | 24259 ||| Stepping ~*~*~tactically~*~*~ (outnumbered).
 24260 | Orc:2    | 24260 ||| Stepping ~*~*~tactically~*~*~ (outnumbered).
 24262 | Orc:2    | 24262 ||| Stepping ~*~*~tactically~*~*~ (outnumbered).
 24271 | Orc:2    | 24271 ||| INVOKING Heroism.
 24274 | Orc:2    | 24274 ||| Stepping ~*~*~tactically~*~*~ (outnumbered).
 24288 | Orc:2    | Found Sipumio's Jewellery Emporium.
 24288 | Orc:2    | Found Ixaev's Assorted Antiques.
 24290 | Orc:2    | Found Aceviz's Antique Armour Emporium.
 24290 | Orc:2    | Found Ziss's Book Shop.
 24296 | Orc:2    | 24296 ||| BUYING +5 ring of evasion (360 gold).
 24296 | Orc:2    | Bought a +5 ring of evasion for 360 gold pieces
 24296 | Orc:2    | 24296 ||| BUYING +6 ring of dexterity (360 gold).
 24296 | Orc:2    | Bought a +6 ring of dexterity for 360 gold pieces
 24301 | Orc:2    | 24301 ||| BUYING +1 cloak of Starlight {*Dazzle EV+4
                  | Stlth--} (1006 gold).
 24301 | Orc:2    | Bought the +1 cloak of Starlight {*Dazzle EV+4 Stlth--} for
                  | 1006 gold pieces
 24301 | Orc:2    | Found the +1 cloak of Starlight {*Dazzle EV+4 Stlth--}
 24301 | Orc:2    | 24301 ||| BUYING potion of resistance (330 gold).
 24301 | Orc:2    | Bought a potion of resistance for 330 gold pieces
 24436 | Orc:2    | 24436 ||| PLANNING SHOALS:1-3
 24436 | Orc:2    | 24436 ||| UPGRADING to +1 cloak of Starlight {*Dazzle EV+4
                  | Stlth--}.
 24446 | Orc:2    | 24446 ||| DROPPING +2 cloak.
 24447 | Orc:2    | 24447 ||| DROPPING ring of fire.
 24448 | Orc:2    | 24448 ||| UPGRADING to +5 ring of evasion.
 24450 | Orc:2    | 24450 ||| UPGRADING to +6 ring of dexterity.
 24452 | Orc:2    | 24452 ||| DROPPING +4 ring of protection.
 24453 | Orc:2    | 24453 ||| DROPPING +5 ring of evasion.
 24566 | Shoals:1 | Entered Level 1 of the Shoals
 24568 | Shoals:1 | 24568 ||| INVOKING Heroism.
 24613 | Shoals:1 | 24613 ||| READING scroll of enchant armour.
 24613 | Shoals:1 | 24613 ||| ENCHANTING +1 pair of gloves.
 24653 | Shoals:1 | 24653 ||| INVOKING Heroism.
 24800 | Shoals:1 | 24800 ||| INVOKING Heroism.
 24803 | Shoals:1 | 24803 ||| Stepping ~*~*~tactically~*~*~ (outnumbered).
 24878 | Shoals:1 | 24878 ||| INVOKING Heroism.
 24992 | Shoals:1 | 24992 ||| INVOKING Heroism.
 25022 | Shoals:1 | 25022 ||| INVOKING Heroism.
 25130 | Shoals:1 | Reached skill level 6 in Armour
 25704 | Shoals:2 | Found a stormy altar of Qazlal.
 25709 | Shoals:2 | 25709 ||| INVOKING Heroism.
 25714 | Shoals:2 | Noticed a kraken
 25729 | Shoals:2 | Killed a kraken
 25900 | Shoals:2 | 25900 ||| INVOKING Heroism.
 26161 | Shoals:2 | 26161 ||| DROPPING +1 leather armour of cold resistance.
 26185 | Shoals:3 | 26185 ||| INVOKING Heroism.
 26188 | Shoals:3 | Received a gift from Okawaru
 26195 | Shoals:3 | Noticed Ilsuiw
 26196 | Shoals:3 | 26196 ||| INVOKING Finesse.
 26212 | Shoals:3 | Killed Ilsuiw
 26223 | Shoals:3 | Reached XP level 17. HP: 150/163 MP: 21/24
 26272 | Shoals:3 | Noticed Aizul
 26273 | Shoals:3 | 26273 ||| INVOKING Heroism.
 26274 | Shoals:3 | 26274 ||| INVOKING Finesse.
 26280 | Shoals:3 | Killed Aizul
 26281 | Shoals:3 | Reached skill level 20 in Ranged Weapons
 26391 | Shoals:3 | 26391 ||| INVOKING Heroism.
 26597 | Shoals:3 | 26597 ||| UPGRADING to +2 barding of cold resistance.
 26607 | Shoals:3 | 26607 ||| DROPPING +0 barding.
 26637 | Shoals:4 | Entered Level 4 of the Shoals
 26637 | Shoals:4 | Noticed Polyphemus
 26638 | Shoals:4 | 26638 ||| INVOKING Heroism.
 26649 | Shoals:4 | 26649 ||| STAIRDANCE
 26653 | Shoals:3 | Killed Polyphemus
 26740 | Shoals:4 | 26740 ||| STAIRDANCE
 26771 | Shoals:4 | Reached skill level 12 in Dodging
 26774 | Shoals:4 | 26774 ||| INVOKING Heroism.
 26797 | Shoals:4 | HP: 38/164 [merfolk/+0 trident (9)]
 26798 | Shoals:4 | 26798 ||| READING 12 scrolls of teleportation.
 26799 | Shoals:4 | 26799 ||| DRINKING potion of heal wounds.
 26801 | Shoals:4 | 26801 ||| Stepping ~*~*~tactically~*~*~ (outnumbered).
 26820 | Shoals:4 | 26820 ||| INVOKING Heroism.
 26857 | Shoals:4 | 26857 ||| INVOKING Heroism.
 26857 | Shoals:4 | Noticed Kirke
 26868 | Shoals:4 | Killed Kirke
 26870 | Shoals:4 | HP: 28/165 [water nymph/the raging water (29)]
 26871 | Shoals:4 | 26871 ||| READING 11 scrolls of teleportation.
 26872 | Shoals:4 | HP: 2/165 [merfolk javelineer/silver javelin (15)]
 26872 | Shoals:4 | Hit by a silver javelin thrown by a merfolk javelineer

Levels and vault maps discovered:
D:1:      evilmike_arrival_fibonacci_small, layout_basic,
          shapermc_ecumenical_altar_ellora, minmay_surrounded
D:2:      layout_basic
D:3:      layout_basic, grunt_temple_overflow_growth_and_decay, serial_shops,
          nicolae_shop_tiny_glass
D:4:      layout_loops_corners, minmay_tree_intersection,
          minmay_misc_feat_doors, minmay_lizard_king, uniq_menkaure,
          uniq_sigmund
D:5:      minmay_razor_zed, layout_layer_cave, mainiacjoe_overflow_alcove_1,
          kennysheep_nub, nicolae_elevator_lobby_plus
D:6:      layout_loops_ring, uniq_edmund, uniq_blork_the_orc, uniq_duvessa
D:7:      layout_rooms, nicolae_qazlal_general_emergency,
          mainiacjoe_overflow_chevrons, minmay_temple_entry_overgrown,
          enter_bailey_2, nicolae_underground_beach, uniq_joseph
D:8:      layout_cave_pods, xom_confusion_cloud, the_hattery, uniq_maggie,
          uniq_grum
D:9:      layout_basic
D:10:     layout_rooms, uniq_harold, uniq_maurice
D:11:     layout_irregular_city, lair_entry_dummy, orc_0_dummy, enter_trove_1,
          lightli_airlock, uniq_josephine
D:12:     layout_stronghold, okawaru_trees_2
D:13:     layout_basic, david_vaults_4, kennysheep_decorative_pillar,
          nrook_guardian_serpent_ordinary, uniq_rupert, uniq_frances
D:14:     layout_basic, grunt_decor_mini_mirrors,
          hellmonk_ghost_happy_afterlife, uniq_roxanne
D:15:     hangedman_depths_entry_civil_slaughter, layout_basic,
          portal_ice_cave_entry_frozen_things, grunt_decor_resistance
Temple:   nicolae_temple_superstar
Lair:1:   layout_chaotic_city, gammafunk_ghost_icy, gammafunk_lair_bear_cave
Lair:2:   layout_regular_city, shoals_dummy_entry, lemuel_centaur_altar,
          serial_bayou_shore_a, grunt_megastairs_3
Lair:3:   layout_loops_ring, minmay_snake_entry_guardpost_small,
          gammafunk_ghost_arena, serial_bayou_shore_b, grunt_megastairs_4,
          lemuel_fruit_tree, infiniplex_staircase_pool, serial_bayou_shore_b
Lair:4:   layout_gridlike, dpeg_slime_entry_enclosed
Lair:5:   minmay_lair_end_enchanted_forest, layout_cave_pods
Shoals:1: layout_shoals, nicolae_shoals_nautilus_by_nature,
          nicolae_shoals_goliath_grotto
Shoals:2: layout_shoals, wheals_shoals_ruined_temple
Shoals:3: layout_shoals, uniq_ilsuiw, uniq_aizul
Shoals:4: shoals_end_grunt_ice, layout_shoals, hangedman_feature_mirror,
          uniq_bai_suzhen, uniq_louise, uniq_polyphemus, uniq_kirke
Orc:1:    layout_caves, minmay_orc_temple_b
Orc:2:    grunt_orc_tribal_feast, layout_caves, basic_altar, serial_shops, shop

Skill      XL: |  1  2  3  4  5  6  7  8  9 10 11 12 13 14 15 16 17 |
---------------+----------------------------------------------------+-----
Ranged Weapons | 4 5 6 8 9 10 12 13 14 15 17 18 19 20 | 20.0
Fighting       | 3 4 6 7 8 9 10 11 12 13 | 13.8
Dodging        | 2 3 4 7 8 9 10 11 12 | 12.0
Armour         | 1 3 4 5 6 |  6.0
Invocations    | 3 4 7 10 | 10.0
Stealth        | |  1.5

Action                     |  1- 3 |  4- 6 |  7- 9 | 10-12 | 13-15 | 16-18 || total
---------------------------+-------+-------+-------+-------+-------+-------++-------
   Fire: Shortbow          |    61 |    91 |   238 |    89 |       |       ||   479
         Orcbow            |       |       |       |   668 |   115 |       ||   783
         Longbow           |       |       |       |       |   728 |   481 ||  1209
 Invoke: Heroism           |       |       |       |    24 |    28 |    19 ||    71
         Finesse           |       |       |       |       |     8 |     2 ||    10
Ability: Spit Poison       |    29 |    32 |    49 |    73 |       |       ||   183
    Use: Scroll            |     4 |     2 |    12 |     5 |    10 |     3 ||    36
         Potion            |     1 |     4 |     3 |     2 |       |     1 ||    11
 Armour: Leather armour    |     4 |     5 |    32 |   198 |   216 |   124 ||   579
         Skin              |       |       |     2 |       |       |       ||     2
  Dodge: Dodged            |    13 |    11 |    45 |   387 |   401 |   727 ||  1584

Table legend:
 A = Non-vault XP
 B = Vault XP
 C = Vault XP percentage of total XP
 D = Non-vault monster count
 E = Vault monster count
 F = Vault count percentage of total count
                 A         B        C        D         E       F
            +---------+---------+-------+---------+---------+-------
      Total |  145077 |   63729 |  30.5 |     634 |     211 |  25.0
            +---------+---------+-------+---------+---------+-------
        D:1 |      60 |       6 |   9.1 |      34 |       3 |   8.1
        D:2 |      36 |       0 |   0.0 |      19 |       0 |   0.0
        D:3 |     168 |       0 |   0.0 |      16 |       0 |   0.0
        D:4 |     234 |     414 |  63.9 |      22 |       9 |  29.0
        D:5 |    1007 |     714 |  41.5 |      25 |      11 |  30.6
        D:6 |     768 |     482 |  38.6 |       8 |       4 |  33.3
        D:7 |    1547 |     450 |  22.5 |      38 |       1 |   2.6
        D:8 |     699 |    2027 |  74.4 |      13 |      15 |  53.6
        D:9 |    3512 |       0 |   0.0 |      31 |       0 |   0.0
       D:10 |    3194 |    1366 |  30.0 |      17 |       2 |  10.5
       D:11 |    3757 |    1505 |  28.6 |      13 |       4 |  23.5
       D:12 |    4662 |       0 |   0.0 |      25 |       0 |   0.0
       D:13 |    5004 |    6122 |  55.0 |      19 |       8 |  29.6
       D:14 |   11097 |    1408 |  11.3 |      26 |       1 |   3.7
       D:15 |    7503 |    4891 |  39.5 |      20 |       8 |  28.6
     Lair:1 |    5191 |     768 |  12.9 |      27 |       4 |  12.9
     Lair:2 |    9734 |    1146 |  10.5 |      35 |       8 |  18.6
     Lair:3 |    4846 |    2580 |  34.7 |      19 |      14 |  42.4
     Lair:4 |    2771 |       0 |   0.0 |       7 |       0 |   0.0
     Lair:5 |   23589 |    9877 |  29.5 |      56 |      49 |  46.7
   Shoals:1 |   22679 |    2455 |   9.8 |      44 |       5 |  10.2
   Shoals:2 |    8770 |    2422 |  21.6 |      17 |       2 |  10.5
   Shoals:3 |    9972 |    9292 |  48.2 |      21 |       9 |  30.0
   Shoals:4 |    8009 |    7615 |  48.7 |      17 |      11 |  39.3
      Orc:1 |    2290 |     765 |  25.0 |      31 |      13 |  29.5
      Orc:2 |    3978 |    7424 |  65.1 |      34 |      30 |  46.9
            +---------+---------+-------+---------+---------+-------
